 Dungeon Crawl Stone Soup version 0.24.0-123-gd5b16e6ec5 (webtiles) character file.

Game seed: 9617105098503425876, levelgen mode: deterministic

6987 Delamore the Severer (level 11, -4/94 HPs)
             Began as a Hill Orc Fighter on Dec 22, 2019.
             Was a High Priest of Okawaru.
             Slain by a seven-headed hydra (9 damage)
             ... on level 9 of the Dungeon.
             The game lasted 00:13:28 (9629 turns).

Delamore the Severer (Hill Orc Fighter)             Turns: 9629, Time: 00:13:28

Health: -4/94      AC: 11    Str: 28    XL:     11   Next: 8%
Magic:  11/11      EV: 10    Int:  8    God:    Okawaru [*****.]
Gold:   463        SH: 10    Dex: 16    Spells: 10/10 levels left

rFire    + . .     SeeInvis .   N - +9 trident of Ysengab {venom, rF+}
rCold    . . .     Gourm    .   c - +0 shield
rNeg     . . .     Faith    .   D - +0 plate armour
rPois    .         Spirit   .   (no helmet)
rElec    .         Reflect  .   (no cloak)
rCorr    .         Harm     .   (no gloves)
MR       .....     Rnd*Tele +   (no boots)
Stlth    ..........             (no amulet)
HPRegen  0.25/turn              E - ring "Muse" {*Tele +Blink Dex+5 Stlth+}
MPRegen  0.12/turn              w - -4 ring of dexterity (curse)

@: mighty, agile, lethally poisoned (-4 -> -6)
A: no striking features
a: Heroism, Finesse, Renounce Religion, Evoke Blink


You were on level 9 of the Dungeon.
You worshipped Okawaru.
Okawaru was extremely pleased with you.
You were hungry.

You visited 1 branch of the dungeon, and saw 9 of its levels.
You also visited: Sewer.

You collected 463 gold pieces.

Inventory:

Hand Weapons
 a - a +1 war axe
 N - the +9 trident of Ysengab (weapon) {venom, rF+}
   (You found it on level 8 of the Dungeon)

   It poisons the flesh of those it strikes.
   It protects you from fire.
Armour
 b - a +0 scale mail
 c - a +0 shield (worn)
 D - a +0 plate armour (worn)
Jewellery
 e - a +2 ring of evasion
 r - an uncursed ring of positive energy
 w - a cursed -4 ring of dexterity (right hand)
 E - the ring "Muse" (left hand) {*Tele +Blink Dex+5 Stlth+}
   (You took it off an orc on level 6 of the Dungeon)

   [ring of teleportation]

   It may teleport you next to monsters.
   It affects your dexterity (+5).
   It lets you blink.
   It makes you more stealthy.
 I - an uncursed ring of ice {unknown}
 J - an uncursed ring of ice {unknown}
 M - a cursed amulet of inaccuracy {unknown}
Wands
 y - a wand of clouds (5)
 A - a wand of flame (14)
 F - a wand of paralysis (10)
 H - a wand of random effects (16)
 K - a wand of polymorph (7)
 P - a wand of enslavement (3)
Scrolls
 j - a scroll of amnesia
 k - 8 scrolls of teleportation
 l - a scroll of immolation
 m - 6 scrolls of identify
 n - 3 scrolls of enchant weapon
 q - a scroll of random uselessness
 t - 4 scrolls of fear
 x - 2 scrolls of magic mapping
 C - a scroll of vulnerability {unknown}
 G - 2 scrolls of noise {unknown}
 L - a scroll of holy word {unknown}
 Q - a scroll of remove curse {unknown}
Potions
 d - 3 potions of might
 g - 4 potions of curing
 h - 2 potions of lignification {unknown}
 i - 2 potions of degeneration {unknown}
 o - 3 potions of agility
 p - a potion of magic {unknown}
 s - a potion of haste {unknown}
 u - 2 potions of heal wounds {unknown}
 v - a potion of resistance {unknown}
 z - 2 potions of mutation {unknown}
Comestibles
 f - 21 rations


   Skills:
 + Level 8.1 Fighting
 + Level 18.5 Axes
 - Level 3.2 Armour
 - Level 3.2 Shields


You had 10 spell levels left.
You didn't know any spells.
Your spell library contained the following spells:

 Spells                   Type           Power        Failure   Level  Hunger
 Animate Skeleton         Necr           N/A          100%        1    ##.....
 Apportation              Tloc           #.....       100%        1    ##.....
 Confusing Touch          Hex            #.....       100%        1    ##.....
 Infusion                 Chrm           #...         100%        1    ##.....
 Summon Small Mammal      Summ           #...         100%        1    ##.....
 Shroud of Golubria       Chrm/Tloc      #.....       100%        2    ###....
 Song of Slaying          Chrm           #.......     100%        2    ###....
 Confuse                  Hex            #.......     100%        3    ####...
 Gell's Gravitas          Tloc           #.........   100%        3    ####...
 Regeneration             Chrm/Necr      #.........   100%        3    ####...
 Spectral Weapon          Hex/Chrm       #.......     100%        3    ####...
 Petrify                  Tmut/Erth      #.......     100%        4    #####..
 Bolt of Magma            Conj/Fire/Erth #.........   100%        5    ######.
 Iskenderun's Battlesphe  Conj/Chrm      #.......     100%        5    ######.
 Metabolic Englaciation   Hex/Ice        #.........   100%        5    ######.
 Venom Bolt               Conj/Pois      #.........   100%        5    ######.
 Yara's Violent Unravell  Hex/Tmut       #.........   100%        5    ######.
 Iron Shot                Conj/Erth      #.........   100%        6    #######
 Orb of Destruction       Conj           #.........   100%        7    #######
 Spellforged Servitor     Conj/Summ      #.........   100%        7    #######


Dungeon Overview and Level Annotations

Branches:
Dungeon (9/15)             Temple (0/1) D:7            Lair (0/6) D:9
  Sewer (visited)
    Orc: D:9-12

Altars:
Kikubaaqudgha
Nemelex Xobeh
Okawaru
Uskayaw
Vehumet
Yredelemnul
Zin

Shops:
D:4 *

Annotations:
D:9 Psyche


Message History

Your shadow imp dies!
The seven-headed hydra bites you.
* * * LOW HITPOINT WARNING * * *
You block the seven-headed hydra's attack.
The seven-headed hydra bites you.
* * * LOW HITPOINT WARNING * * *
The seven-headed hydra bites you but does no damage. x2
The seven-headed hydra barely misses you.
A sky beast comes into view.
It was a potion of agility.
You feel agile all of a sudden.
You feel sick.
The bullfrog hits you but does no damage.
Psyche hits you but does no damage.
Your adder misses Psyche. You block the orc's attack.
The seven-headed hydra bites you but does no damage.
The seven-headed hydra misses you.
The seven-headed hydra closely misses you.
The seven-headed hydra bites you!
You die...

.?..##.#.#
....5#5#.#####
.⌠.5YHaHF#...# #.#. ...
.%...#.#.#.#.# #....#.#
.[.S##.#5#...####
#......# |).#
.##.H.H....# #....Y.#
### .##..######H#
+....#.#
.##...S.....F###>.....#
###..#######HD@@o......#
...# #.###S......+ ##..
#. ..###.#.##### ... ..
#.#.....# .# ..#
#.......#+#. ..
#........... ###
#........#..
#...........
#...........


You could see a seven-headed hydra, a manticore, a hippogriff, Psyche, a water
moccasin, a sky beast, a bullfrog, an orc and a friendly adder.

Vanquished Creatures
  A centaur warrior (D:9)
  An oklob plant (D:6)
  A hippogriff (D:7)
  5 yaks
  A wyvern (D:9)
  A basilisk (D:9)
  Grum (D:8)
  A swamp drake (D:9)
  An orc warrior (D:6)
  2 phantoms
  4 ogres
  3 ice beasts
  4 wolves (D:8)
  3 centaurs
  3 crocodiles (D:9)
  3 big kobolds (Sewer)
  2 bullfrogs
  2 gnoll sergeants
  3 scorpions
  5 wights (D:8)
  4 howler monkeys
  2 centaur zombies
  A bullfrog zombie (D:6)
  3 centaur skeletons
  3 hounds
  5 orc priests
  A bullfrog skeleton (D:6)
  9 jellies
  11 orc wizards
  An iguana (D:7)
  4 worker ants
  A worker ant zombie (D:4)
  13 gnolls
  9 adders
  20 oozes
  2 adder skeletons
  7 worms
  5 dart slugs
  9 leopard geckos
  25 orcs
  10 bats
  7 giant cockroaches
  12 hobgoblins
  5 jackals (D:2)
  2 quokkas
  10 ball pythons
  6 frilled lizards
  9 goblins
  A jackal skeleton (D:4)
  A jackal zombie (D:9)
  15 kobolds
  9 rats
  4 fungi (D:6)
273 creatures vanquished.

Vanquished Creatures (others)
  An orc (D:9)
  A fungus (D:6)
2 creatures vanquished.

Grand Total: 275 creatures vanquished

Notes
Turn   | Place    | Note
-------+----------+-------------------------------------------
     0 | D:1      | Delamore the Hill Orc Fighter began the quest for the Orb.
     0 | D:1      | Reached XP level 1. HP: 19/19 MP: 1/1
    18 | D:1      | Reached skill level 3 in Axes
    70 | D:1      | Reached XP level 2. HP: 19/26 MP: 2/2
   123 | D:1      | Reached skill level 4 in Axes
   451 | D:1      | Reached XP level 3. HP: 31/31 MP: 3/3
   565 | D:2      | Reached skill level 5 in Axes
   893 | D:2      | Reached XP level 4. HP: 20/39 MP: 4/4
  1289 | D:2      | Reached skill level 6 in Axes
  1712 | D:3      | Found a glowing drain.
  1776 | Sewer    | Entered a sewer
  1801 | Sewer    | Reached XP level 5. HP: 42/45 MP: 5/5
  1822 | Sewer    | Noticed a big kobold
  1847 | Sewer    | Killed a big kobold
  1847 | Sewer    | Reached skill level 7 in Axes
  2080 | Sewer    | Noticed a big kobold
  2108 | Sewer    | Killed a big kobold
  2108 | Sewer    | Reached skill level 8 in Axes
  2108 | Sewer    | Reached XP level 6. HP: 31/51 MP: 6/6
  2418 | Sewer    | Reached skill level 9 in Axes
  2863 | D:3      | Reached XP level 7. HP: 46/57 MP: 7/7
  2962 | D:3      | Found a sparkling altar of Nemelex Xobeh.
  3322 | D:4      | Found an ancient bone altar of Kikubaaqudgha.
  3324 | D:4      | Found a radiant altar of Vehumet.
  3486 | D:4      | Reached skill level 10 in Axes
  3529 | D:4      | Found Jiro's General Store.
  3781 | D:4      | Found a hide-covered altar of Uskayaw.
  3782 | D:4      | Found a basalt altar of Yredelemnul.
  3782 | D:4      | Found a glowing silver altar of Zin.
  3964 | D:4      | Found an iron altar of Okawaru.
  3995 | D:4      | Became a worshipper of Warmaster Okawaru
  4116 | D:5      | Entered Level 5 of the Dungeon
  4136 | D:5      | Reached skill level 11 in Axes
  4474 | D:5      | Reached XP level 8. HP: 46/64 MP: 8/8
  4640 | D:5      | Reached skill level 12 in Axes
  4995 | D:6      | Reached * piety under Okawaru
  5135 | D:5      | Reached skill level 13 in Axes
  5502 | D:6      | Reached XP level 9. HP: 62/70 MP: 9/9
  5523 | D:6      | Identified the ring "Muse" {*Tele +Blink Dex+5 Stlth+}
  5539 | D:6      | Reached skill level 14 in Axes
  5817 | D:6      | Reached ** piety under Okawaru
  5990 | D:6      | Noticed an oklob plant
  5994 | D:6      | Killed an oklob plant
  5994 | D:6      | Reached skill level 15 in Axes
  6474 | D:7      | Reached skill level 16 in Axes
  6680 | D:7      | Found a staircase to the Ecumenical Temple.
  6735 | D:7      | Reached XP level 10. HP: 59/77 MP: 10/10
  6793 | D:7      | Reached *** piety under Okawaru
  6811 | D:7      | Reached skill level 17 in Axes
  7203 | D:8      | Got a crystal trident
  7204 | D:8      | Identified the +9 trident of Ysengab {venom, rF+} (You
                  | found it on level 8 of the Dungeon)
  7307 | D:8      | Noticed Grum
  7320 | D:8      | Killed Grum
  7516 | D:8      | Reached skill level 5 in Fighting
  8015 | D:9      | Noticed Psyche
  8366 | D:9      | Reached **** piety under Okawaru
  8406 | D:9      | Reached skill level 18 in Axes
  8773 | D:9      | Found a staircase to the Lair.
  9600 | D:9      | Noticed a centaur warrior
  9600 | D:9      | Noticed a seven-headed hydra
  9600 | D:9      | Noticed a manticore
  9611 | D:9      | Killed a centaur warrior
  9611 | D:9      | Reached ***** piety under Okawaru
  9611 | D:9      | Reached XP level 11. HP: 49/94 MP: 11/11
  9627 | D:9      | HP: 3/94 [seven-headed hydra (4)]
  9629 | D:9      | Slain by a seven-headed hydra

Levels and vault maps discovered:
D:1:      scummos_arrival_forest, layout_rooms
D:2:      layout_basic, minivault_23
D:3:      layout_loops_corners, nemelex_xobeh_ov_fountains_minmay,
          portal_sewer_entry_f, hangedman_decor_clover_reticule
D:4:      minmay_diamond_boxcup, layout_loops_ring,
          chequers_temple_overflow_statue_of_worship, minitemple, serial_shops,
          shop_fountains, okawaru_altar_gauntlet_db
D:5:      layout_basic, first_ration
D:6:      lemuel_slime, layout_loops_cross, minmay_misc_feat_pillars
D:7:      layout_loops_cross, temple_hall
D:8:      layout_loops_ring, uniq_grum
D:9:      minmay_the_grid_octo_2x2 [minmay_the_grid_octo_concentric,
          minmay_the_grid_octo_fan_narrow, minmay_the_grid_octo_fat_diamond,
          minmay_the_grid_octo_prize_big_c], layout_stronghold,
          erik_lair_dragon, serial_shops, nicolae_shop_crystal,
          hangedman_little_slice_of_home, uniq_psyche

Skill      XL: |  1  2  3  4  5  6  7  8  9 10 |
---------------+-------------------------------+-----
Axes           | 3 4 5 6 8 9 11 13 16 18 | 18.5
Fighting       | 8 |  8.1
Armour         | |  3.2
Shields        | |  3.2

Action                   |  1- 3 |  4- 6 |  7- 9 | 10-12 || total
-------------------------+-------+-------+-------+-------++-------
Melee: War axe           |   170 |   232 |   341 |    37 ||   780
       Trident           |       |       |       |   168 ||   168
Evoke: Wand              |       |       |       |     2 ||     2
  Use: Scroll            |       |     1 |     8 |     1 ||    10
       Potion            |       |       |       |     3 ||     3
  Eat: Chunk             |       |     7 |    13 |     9 ||    29
Armor: Scale mail        |    62 |    76 |    57 |       ||   195
       Plate armour      |       |       |    33 |   106 ||   139
Dodge: Dodged            |    57 |    76 |    97 |    26 ||   256
Block: Shield            |    90 |    97 |   116 |    92 ||   395
